 Dungeon Crawl Stone Soup version 0.30-a0-23-ge60ba3568b (webtiles) character file.

Game seed: 15839732205740212817

98 iguanaiguana the Shooter (level 4, 0/33 HPs)
             Began as a Spriggan Hunter on Aug 25, 2022.
             Slain by an orc wizard
             ... wielding a +0 dagger
              (1 damage)
             ... on level 3 of the Dungeon.
             The game lasted 00:03:29 (822 turns).

iguanaiguana the Shooter (Spriggan Hunter)           Turns: 822, Time: 00:03:30

Health: 0/33       AC: 22    Str:  7    XL:     4   Next: 43%
Magic:  5/5        EV:  4    Int: 10    God:
Gold:   91         SH:  0    Dex: 20    Spells: 3/3 levels left

rFire   . . .      SeeInvis +    (weapon restricted)
rCold   . . .      Faith    .    (no shield)
rNeg    . . .      Spirit   .    (body armour currently unavailable)
rPois   +          Reflect  .    (helmet currently unavailable)
rElec   .          Harm     .    (cloak currently unavailable)
rCorr   .          Rampage  .    (gloves unavailable)
Will    .....      Rage     3%   (boots unavailable)
Stlth   ++........ NoTele   +    (no amulet)
HPRegen 0.11/turn                (no ring)
MPRegen 0.09/turn                (no ring)

@: tree-form
A: stationary, stasis, torment immunity, boosted hp, very small, no large
weapons, unfitting armour, see invisible, (speed 3), (talons 1), berserk 1, wild
magic 1
a: no special abilities


You were on level 3 of the Dungeon.
You were a tree.
You visited 1 branch of the dungeon, and saw 4 of its levels.

You collected 91 gold pieces.

Inventory:

Hand Weapons
 a - a +0 shortbow
Missiles
 e - 3 javelins
 i - 2 throwing nets
Armour
 c - a +0 robe (melded)
 g - a +2 hat of willpower
Scrolls
 b - a scroll of immolation
 f - a scroll of identify {@r1}


   Skills:
 - Level 1.5 Fighting
 + Level 5.9 Ranged Weapons
 - Level 2.6 Dodging
 - Level 1.5 Stealth


You had 3 spell levels left.
You didn't know any spells.
Your spell library contained the following spells:

 Spells                   Type           Power      Damage    Failure   Level
 Portal Projectile        Hex/Tloc       0%         N/A       82%         3
 Fulminant Prism          Conj/Hex       0%         3d6       99%         4
 Passage of Golubria      Tloc           0%         N/A       99%         4


Dungeon Overview and Level Annotations

Branches:
Dungeon (4/15) Zot: 23423
 Temple: D:4-7

Altars:

Annotations:
D:4 Blork the orc


Innate Abilities, Weirdness & Mutations

You are a tree.
Your roots penetrate the ground, keeping you stationary.
You cannot be teleported.
You are immune to unholy pain and torment.
Your maximum health is greatly increased.
Your equipment is partially melded.
You are very small and have problems with some larger weapons.
You are too small for most types of armour.
You have supernaturally acute eyesight. (SInv)
((You cover ground extremely quickly. (Speed+++)))
((You have sharp toenails.))
You sometimes lose your temper in combat.
Your spells are a little harder to cast, but a little more powerful.


Message History

The orc priest is lightly wounded.
You are now empty-handed.
The orc priest hits you with a +0 hand axe.
* * * LOW HITPOINT WARNING * * *
Smack: -) Branches
Press: ? - help, Dir - move target, f/p - orc priest
Aim: an orc priest, wielding a +0 hand axe and wearing a +0 ring mail (lightly wounded, about 17% to evade your branches)
You hit the orc priest but do no damage.
The orc priest is lightly wounded.
The orc priest casts a cantrip, but nothing happens.
Smack: -) Branches
Press: ? - help, Dir - move target, f/p - orc priest
Aim: an orc priest, wielding a +0 hand axe and wearing a +0 ring mail (lightly wounded, about 17% to evade your branches)
You hit the orc priest.
The orc priest is moderately wounded.
The orc priest hits you with a +0 hand axe.
* * * LOW HITPOINT WARNING * * *
Smack: -) Branches
Press: ? - help, Dir - move target, f/p - orc priest
Aim: an orc priest, wielding a +0 hand axe and wearing a +0 ring mail (moderately wounded, about 17% to evade your branches)
You hit the orc priest.
The orc priest is heavily wounded.
Smack: -) Branches
Press: ? - help, Dir - move target, f/p - orc priest
Aim: an orc priest, wielding a +0 hand axe and wearing a +0 ring mail (heavily wounded, about 17% to evade your branches)
You hit the orc priest.
The orc priest is severely wounded.
The orc wizard suddenly jeers.
The orc wizard points at you and mumbles some strange words.
Smack: -) Branches
Press: ? - help, Dir - move target, f/p - orc priest
Aim: an orc priest, wielding a +0 hand axe and wearing a +0 ring mail (severely wounded, about 17% to evade your branches)
You smack the orc priest!
You kill the orc priest!
Smack: -) Branches
Press: ? - help, Dir - move target, f - orc wizard
Aim: an orc wizard, wielding a +0 dagger and wearing a +0 robe (about 28% to evade your branches)
You hit the orc wizard but do no damage.
The orc wizard hits you with a +0 dagger.
You die...

## #.######## #.#.....#
. #....$.######## #.
#>....g)g..go#
##.##......##.##o#
...........##o##♣#
##.##.####.##..)........
#.# #.#####.##..#.. #>#
#.# #.# #.# g.g.g..# #..
..# # .......# ... ###
.g.....# ... ........
........#


You could see an orc wizard, a gnoll and an orc.

Vanquished Creatures
  An orc priest (D:3)
  A hound skeleton (D:4)
  An adder (D:2)
  An adder skeleton (D:4)
  An adder zombie (D:4)
  2 dart slugs
  An orc (D:3)
  4 bats
  3 endoplasms
  A giant cockroach (D:2)
  4 goblins
  A hobgoblin (D:4)
  2 jackals (D:1)
  2 quokkas
  3 ball pythons
  A frilled lizard (D:1)
  3 kobolds
  3 rats (D:1)
35 creatures vanquished.

Notes
Turn   | Place    | Note
-------+----------+-------------------------------------------
     0 | D:1      | iguanaiguana the Spriggan Hunter began the quest for the
                  | Orb.
     0 | D:1      | Reached XP level 1. HP: 10/10 MP: 2/2
    53 | D:1      | Got the Anthology of Superposition and Curses
    79 | D:1      | Reached XP level 2. HP: 14/14 MP: 3/3
   587 | D:2      | Reached skill level 5 in Ranged Weapons
   587 | D:2      | Reached XP level 3. HP: 16/18 MP: 4/4
   663 | D:2      | You fall into a shaft and drop 2 floors!
   743 | D:4      | Noticed a phantom
   761 | D:4      | Noticed Blork the orc
   805 | D:3      | Reached XP level 4. HP: 19/22 MP: 5/5
   812 | D:3      | Gained mutation: You have sharp toenails. [potion of
                  | mutation]
   812 | D:3      | Gained mutation: You sometimes lose your temper in combat.
                  | [potion of mutation]
   812 | D:3      | Gained mutation: Your spells are a little harder to cast,
                  | but a little more powerful. [potion of mutation]
   816 | D:3      | HP: 1/33 [orc priest/+0 hand axe (3)]
   822 | D:3      | Slain by an orc wizard

Illustrated notes

Levels and vault maps discovered:
D:1:      shiori_arrival_maze, layout_rooms, serial_aquarium,
          aquarium_bridge_square [aquarium_subvault_bridge,
          aquarium_subvault_balcony, aquarium_subvault_bridge,
          aquarium_subvault_wall], aquarium_window_3, aquarium_window_fake,
          aquarium_window_2, aquarium_window_fake, aquarium_view_2b,
          minmay_misc_feat_roman
D:2:      cheibrodos_old_hovel, layout_basic, minmay_cupped
D:3:      layout_loops_cross, mainiacjoe_overflow_alcove_3,
          minmay_randomly_rotated_circles, uniq_terence
D:4:      layout_basic, nicolae_ossuary_entry_catacombs, serial_undead,
          serial_undead_a, serial_undead_b, serial_undead_e, serial_undead_d,
          nicolae_underground_beach, uniq_eustachio, uniq_blork_the_orc,
          uniq_pikel

Skill      XL: |  1  2 |
---------------+-------+-----
Ranged Weapons | 5 |  5.9
Fighting       | |  1.5
Dodging        | |  2.6
Stealth        | |  1.5

Action                   |  1- 3 |  4- 6 || total
-------------------------+-------+-------++-------
Melee: Unarmed           |       |     6 ||     6
 Fire: Shortbow          |    79 |     1 ||    80
  Use: Potion            |       |     2 ||     2
       Scroll            |       |     1 ||     1
Armor: Robe              |     3 |       ||     3
       Skin              |       |     9 ||     9
Dodge: Dodged            |    44 |     4 ||    48

Table legend: (Time is in decaauts)
 A = Elapsed time spent in this place.
 B = Non-inter-level travel time spent in this place.
 C = Inter-level travel time spent in this place.
 D = Time resting spent in this place.
 E = Time spent auto-exploring this place.
 F = Levels seen in this place.
 G = Mean time per level.
                   A        B        C        D        E       F      G
               +--------+--------+--------+--------+--------+-----+--------+
         Total |    575 |    550 |     25 |      0 |    345 |   4 |  143.8 |
       Dungeon |    575 |    550 |     25 |      0 |    345 |   4 |  143.8 |
               +--------+--------+--------+--------+--------+-----+--------+

Top non-repeatable levels by time:
     D:1: 342 daAuts
     D:2: 112 daAuts
     D:4: 95 daAuts
     D:3: 24 daAuts
